[Event "Sunday 15 April Rapid Engine Tour, 9 Rd. 12+1, starts 16.00 ST"]
[Site "Infinity Chess"]
[Date "2018.4.15"]
[Round "5"]
[White "hafaba"]
[Black "ivrdurant"]
[Result "1/2-1/2"]
[ECO "C55"]
[WhiteElo "2457"]
[BlackElo "2386"]
[WhiteEngine "Eman 1.70-beta18x 64-bit POPCNT_CTG"]
[BlackEngine "Raubfisch X38b_CTG"]
[EventType "Swiss"]
[WhiteTeam ""]
[BlackTeam ""]
[PlyCount "138"]
[TimeControl "720+1"]

1. e4 e5 2. Nf3 Nc6 3. Bc4 Nf6 4. d3 Bc5 5. c3 d6 6. O-O O-O 7. Bg5 h6 8. Bh4 a5 
9. a4 Be6 10. Nbd2 Qe7 11. Re1 g5 12. Bg3 Ne8 13. Bxe6 fxe6 14. Nc4 Qf7 
15. Qb3 Rb8 16. Rf1 Nf6 17. Qb5 Qe7 18. Rad1 Qe8 19. d4 exd4 20. cxd4 Bb4 
21. e5 Ne4 22. exd6 cxd6 23. Ne3 Nxg3 24. hxg3 d5 25. Qe2 Qg6 26. Ng4 Qe4 
27. Qxe4 dxe4 28. Nd2 Rbd8 29. Nxe4 Nxd4 30. f3 Kg7 31. Ne3 Nb3 32. Nc4 Nc5 
33. Nxc5 Bxc5+ 34. Kh2 b6 35. g4 Rd5 36. Rc1 Rfd8 37. Rce1 Rd4 38. b3 Kf6 
39. Kg3 Rd3 40. Rh1 Rh8 41. Rb1 Ke7 42. Rhe1 Rhd8 43. Rh1 Rh8 44. Rh5 e5 
45. Re1 Rxb3 46. Nxe5 Rh7 47. Kh2 Kd8 48. f4 Be3 49. fxg5 Bf4+ 50. Kh1 Bxg5 
51. Nf3 Re7 52. Rxe7 Kxe7 53. Nxg5 hxg5 54. Rxg5 Kf6 55. Rd5 Rb4 56. g5+ Ke7 
57. g6 Rxa4 58. Rf5 Rg4 59. Rf7+ Kd6 60. Rf6+ Kc5 61. Kh2 a4 62. Kh3 Rg5 
63. Rf4 a3 64. Ra4 a2 65. g4 b5 66. Rxa2 Rxg6 67. Kh4 b4 68. Rb2 Kc4 69. g5 b3 
1/2-1/2

[Event "Sunday 15 April Rapid Engine Tour, 9 Rd. 12+1, starts 16.00 ST"]
[Site "Infinity Chess"]
[Date "2018.4.15"]
[Round "5"]
[White "Time_bandit"]
[Black "Thinker"]
[Result "1/2-1/2"]
[ECO "C77"]
[WhiteElo "2464"]
[BlackElo "2437"]
[WhiteEngine "asmFishW_2018-02-02_popcnt"]
[BlackEngine "BrainFish_180411_x64_modern_CTG"]
[EventType "Swiss"]
[WhiteTeam ""]
[BlackTeam ""]
[PlyCount "77"]
[TimeControl "720+1"]

1. e4 e5 2. Nf3 Nc6 3. Bb5 a6 4. Ba4 Nf6 5. O-O Be7 6. Re1 b5 7. Bb3 O-O 
8. c3 d5 9. exd5 Nxd5 10. Nxe5 Nxe5 11. Rxe5 c6 12. d4 Bd6 13. Re1 Qh4 
14. g3 Qh3 15. Be3 Bg4 16. Qd3 Rae8 17. Nd2 Re6 18. a4 Qh5 19. axb5 axb5 
20. Nf1 Bf5 21. Qd2 Bh3 22. Bd1 Qg6 23. Bf3 Qf5 24. Qd1 h5 25. Ra6 Bc7 
26. Bh1 Rf6 27. Qe2 h4 28. Bd2 Re6 29. Qf3 Rxe1 30. Bxe1 Bf4 31. Bg2 Bg4 
32. Qe4 Qc8 33. Ra1 Re8 34. Qb1 Bf5 35. Qd1 Bg4 36. Qd3 Bf5 37. Qd1 Bg4 
38. Qc2 Bf5 39. Qd1 1/2-1/2

[Event "Sunday 15 April Rapid Engine Tour, 9 Rd. 12+1, starts 16.00 ST"]
[Site "Infinity Chess"]
[Date "2018.4.15"]
[Round "5"]
[White "Marsell"]
[Black "Murx"]
[Result "1/2-1/2"]
[ECO "C53"]
[WhiteElo "2460"]
[BlackElo "2496"]
[WhiteEngine "BrainFish_180408_x64_bmi2"]
[BlackEngine "asmFishW_2018-04-07_popcnt"]
[EventType "Swiss"]
[WhiteTeam ""]
[BlackTeam ""]
[PlyCount "121"]
[TimeControl "720+1"]

1. e4 e5 2. Nf3 Nc6 3. Bc4 Bc5 4. c3 Nf6 5. d3 d6 6. O-O O-O 7. h3 a5 8. Nbd2 h6 
9. Re1 Be6 10. b3 Bb6 11. a4 d5 12. Bb5 Ne7 13. exd5 Nfxd5 14. Qc2 c6 
15. Bc4 Re8 16. Nxe5 Ng6 17. d4 Nxe5 18. Rxe5 Bc7 19. Bxd5 cxd5 20. Re3 Bd7 
21. Nf3 Qf6 22. Qe2 Rxe3 23. Bxe3 Qg6 24. Kh1 Qh5 25. Qf1 Bxh3 26. gxh3 Qxf3+ 
27. Qg2 Qh5 28. Qg4 Qxg4 29. hxg4 f5 30. gxf5 Kf7 31. Re1 Ra6 32. Rc1 Bd8 
33. c4 Rf6 34. cxd5 Rxf5 35. Rc5 b6 36. Rc6 Rxd5 37. Kg2 b5 38. Kf3 bxa4 
39. bxa4 h5 40. Ke4 Rd7 41. Bf4 h4 42. Be5 Bf6 43. Rc7 Re7 44. Rc3 Bxe5 
45. dxe5 Rd7 46. Kf5 Rd2 47. Rc7+ Kg8 48. Rc8+ Kf7 49. Rc7+ Kg8 50. Rc8+ Kf7 
51. e6+ Ke7 52. Rc7+ Kd8 53. Rxg7 Rxf2+ 54. Ke5 Re2+ 55. Kd5 h3 56. Rh7 h2 
57. Rh8+ Ke7 58. Rh7+ Kf6 59. e7 h1=Q+ 60. Rxh1 Rxe7 61. Rf1+ 1/2-1/2

[Event "Sunday 15 April Rapid Engine Tour, 9 Rd. 12+1, starts 16.00 ST"]
[Site "Infinity Chess"]
[Date "2018.4.15"]
[Round "5"]
[White "star99"]
[Black "KRAKEN"]
[Result "1/2-1/2"]
[ECO "D02"]
[WhiteElo "2428"]
[BlackElo "2520"]
[WhiteEngine "Cryptic Heroes 9.4B"]
[BlackEngine "Raubfisch X38b_CTG"]
[EventType "Swiss"]
[WhiteTeam ""]
[BlackTeam ""]
[PlyCount "141"]
[TimeControl "720+1"]

1. d4 d5 2. Nf3 Nf6 3. c4 e6 4. Nc3 c6 5. e3 Nbd7 6. h3 Bd6 7. Be2 O-O 
8. O-O Re8 9. b3 b6 10. Bb2 Bb7 11. Re1 Rc8 12. Rc1 Qe7 13. Qc2 c5 14. dxc5 bxc5 
15. Red1 Red8 16. Nb1 Ne4 17. Nc3 Ndf6 18. Nxe4 Nxe4 19. Bd3 f5 20. Qe2 Re8 
21. Ne5 a5 22. f4 Ra8 23. cxd5 exd5 24. Bb5 Rec8 25. Nd7 Qd8 26. a4 Ra7 
27. Ne5 Ba8 28. Rc2 Rac7 29. Bd3 Qe7 30. g4 Qh4 31. Qe1 Qxe1+ 32. Rxe1 g6 
33. gxf5 gxf5 34. Bxe4 fxe4 35. Rg2+ Kf8 36. Rg5 c4 37. bxc4 dxc4 38. Bc3 Bb4 
39. Rf5+ Ke8 40. Rc1 Rb8 41. Kg2 Bxc3 42. Rxc3 Rb4 43. Rg5 Kf8 44. Rf5+ Ke8 
45. Kg3 Bb7 46. Rg5 Kf8 47. f5 Bd5 48. f6 Be6 49. f7 Bxf7 50. Nxf7 Rxf7 
51. Rxa5 Rb3 52. Rxc4 Rxe3+ 53. Kg4 Re7 54. Rc8+ Kf7 55. Rh5 Kg7 56. h4 Rf3 
57. Rg5+ Kf7 58. a5 Ke6 59. Rh5 Rf1 60. a6 Rg7+ 61. Rg5 Re7 62. Rcc5 e3 
63. Rb5 Kf7 64. Rbe5 Rxe5 65. Rxe5 e2 66. Rxe2 Ra1 67. h5 Ra4+ 68. Kf3 Rxa6 
69. Kg3 h6 70. Rf2+ Ke6 71. Re2+ 1/2-1/2

[Event "Sunday 15 April Rapid Engine Tour, 9 Rd. 12+1, starts 16.00 ST"]
[Site "Infinity Chess"]
[Date "2018.4.15"]
[Round "5"]
[White "Susanne"]
[Black "THE_MACHINE"]
[Result "1/2-1/2"]
[ECO "C53"]
[WhiteElo "2508"]
[BlackElo "2555"]
[WhiteEngine "stockfish_jvv01_x64_bmi2_CTG"]
[BlackEngine "BrainFish_180411_x64_bmi2"]
[EventType "Swiss"]
[WhiteTeam ""]
[BlackTeam ""]
[PlyCount "110"]
[TimeControl "720+1"]

1. e4 e5 2. Nf3 Nc6 3. Bc4 Bc5 4. c3 Nf6 5. d3 a5 6. O-O d6 7. Nbd2 O-O 
8. Re1 Be6 9. Bb5 Ne7 10. d4 Ba7 11. h3 Ng6 12. Ba4 Nh5 13. Nf1 exd4 
14. cxd4 Nhf4 15. Bc2 d5 16. e5 f6 17. Bxf4 Nxf4 18. Qd2 fxe5 19. Rxe5 Bd7 
20. Rae1 c6 21. N1h2 Bb8 22. R5e3 Bd6 23. a3 c5 24. dxc5 Bxc5 25. Bxh7+ Kxh7 
26. Qc2+ Bf5 27. Qxc5 Nd3 28. Rxd3 Bxd3 29. Qe3 Bf5 30. g4 Be4 31. Ng5+ Kg8 
32. Ne6 Qh4 33. Nxf8 Rxf8 34. Qg3 Qxg3+ 35. fxg3 Rf6 36. Re3 Rb6 37. b3 Bc2 
38. Nf3 Rxb3 39. Kf2 b5 40. Rxb3 Bxb3 41. Ke3 b4 42. axb4 axb4 43. Ne5 Bd1 
44. Kd2 Ba4 45. g5 Kf8 46. Nd3 Kf7 47. h4 b3 48. Kc3 Bb5 49. Nc5 Kg6 
50. Nxb3 Kh5 51. Nd4 Be8 52. Nf5 Kg4 53. Nxg7 Bf7 54. Kd4 Bg6 55. Kxd5 Kxg3 
1/2-1/2

[Event "Sunday 15 April Rapid Engine Tour, 9 Rd. 12+1, starts 16.00 ST"]
[Site "Infinity Chess"]
[Date "2018.4.15"]
[Round "4"]
[White "ivrdurant"]
[Black "RonWeasley"]
[Result "1/2-1/2"]
[ECO "C11"]
[WhiteElo "2382"]
[BlackElo "2475"]
[WhiteEngine "Raubfisch X38b_CTG"]
[BlackEngine "BrainFish 090218_CTG"]
[EventType "Swiss"]
[WhiteTeam ""]
[BlackTeam ""]
[PlyCount "140"]
[TimeControl "720+1"]

1. e4 e6 2. d4 d5 3. Nc3 Nf6 4. e5 Nfd7 5. f4 c5 6. Nf3 Nc6 7. Be3 cxd4 
8. Nxd4 Qb6 9. Qd2 Qxb2 10. Rb1 Qa3 11. Bb5 Nxd4 12. Bxd4 a6 13. Bxd7+ Bxd7 
14. Rb3 Qe7 15. Rxb7 Rc8 16. O-O Qd8 17. f5 exf5 18. Qd3 Bc5 19. Bxc5 Rxc5 
20. Nxd5 Bc8 21. Re7+ Kf8 22. Qa3 Qa5 23. Qxa5 Rxa5 24. Rc7 Be6 25. Nf4 Rxe5 
26. Nxe6+ Rxe6 27. Rxf5 Re7 28. Rc8+ Re8 29. Rc7 Re7 30. Rc8+ Re8 31. Rfc5 Ke7 
32. R8c6 g6 33. a4 Ra8 34. Rc7+ Kf6 35. Rc4 Rhf8 36. h4 Kg7 37. Kh2 a5 
38. Kg3 Rab8 39. R4c5 Ra8 40. Rc4 Rab8 41. R7c5 Ra8 42. h5 Kh6 43. hxg6 hxg6 
44. c3 f5 45. Kf2 Rfe8 46. g3 Kg5 47. g4 Rad8 48. gxf5 Rd2+ 49. Kf3 gxf5 
50. Rg4+ Kf6 51. Rd4 Rde2 52. Rxa5 R8e3+ 53. Kf4 Re4+ 54. Rxe4 Rxe4+ 55. Kf3 Rc4 
56. Ra6+ Ke5 57. Ke2 f4 58. Kd2 Ke4 59. a5 Ra4 60. Re6+ Kd5 61. Rf6 Ra2+ 
62. Kd3 Ke5 63. Rh6 f3 64. Ke3 f2 65. Rh5+ Kf6 66. Rh1 Ke5 67. Rd1 Rc2 
68. c4 Ra2 69. a6 Kf5 70. a7 Rxa7 1/2-1/2

[Event "Sunday 15 April Rapid Engine Tour, 9 Rd. 12+1, starts 16.00 ST"]
[Site "Infinity Chess"]
[Date "2018.4.15"]
[Round "4"]
[White "angriff"]
[Black "star99"]
[Result "0-1"]
[ECO "C50"]
[WhiteElo "2392"]
[BlackElo "2413"]
[WhiteEngine "DracoREX 3.07 64BIT POPCNT_CTG"]
[BlackEngine "Cryptic Heroes 9.4B"]
[EventType "Swiss"]
[WhiteTeam ""]
[BlackTeam ""]
[PlyCount "202"]
[TimeControl "720+1"]

1. e4 e5 2. Nf3 Nc6 3. Bc4 Bc5 4. O-O d6 5. d3 Nf6 6. c3 O-O 7. Bg5 h6 8. Bh4 a5 
9. Nbd2 Kh8 10. Re1 Ba7 11. Nf1 Rb8 12. Bb3 b5 13. Qd2 Bg4 14. Bd1 Rg8 
15. h3 Bh5 16. Rc1 g5 17. g4 Bg6 18. Bg3 Re8 19. Ne3 Bxe3 20. Rxe3 Nd7 21. h4 f6 
22. d4 Bf7 23. Kg2 Kg7 24. Re1 a4 25. Ra1 Na5 26. Be2 c6 27. Qc2 Nf8 
28. Red1 Qe7 29. hxg5 hxg5 30. Nd2 Ng6 31. b3 d5 32. Rh1 exd4 33. cxd4 dxe4 
34. Bxb8 Rxb8 35. Qc3 Re8 36. Kf1 Nb7 37. bxa4 Bd5 38. Rh2 Qc7 39. Qg3 Nd6 
40. Kg1 Nf4 41. Qe3 bxa4 42. Nf1 Bc4 43. Bd1 Bxf1 44. Kxf1 Nc4 45. Qc3 Nd3 
46. Kg1 Ne3 47. Rb1 Nxd1 48. Rxd1 Qf4 49. Qc2 Qxg4+ 50. Rg2 Qf3 51. Rg3 Qf4 
52. Kg2 Rh8 53. Rdxd3 exd3 54. Qxd3 Qh4 55. Qb1 Qh2+ 56. Kf3 Qh5+ 57. Rg4 Rf8 
58. Qc1 Re8 59. Kg3 Rh8 60. Kf3 Qh3+ 61. Rg3 Qf5+ 62. Ke2 Rh2 63. Rf3 Qe4+ 
64. Re3 Qg2 65. Qf1 Qg4+ 66. Rf3 Qe4+ 67. Re3 Qc2+ 68. Kf3 Qf5+ 69. Ke2 g4 
70. a3 Qc2+ 71. Ke1 Qc1+ 72. Ke2 Qc2+ 73. Ke1 Rh1 74. Re7+ Kg6 75. Qxh1 Qc1+ 
76. Ke2 Qxh1 77. Re3 Qd5 78. Rd3 Qa2+ 79. Ke1 Qa1+ 80. Ke2 Qb2+ 81. Ke1 Qb1+ 
82. Ke2 Qc2+ 83. Rd2 Qe4+ 84. Kd1 Qf3+ 85. Kc1 Qxa3+ 86. Rb2 Qf3 87. Ra2 Qc3+ 
88. Rc2 Qa1+ 89. Kd2 a3 90. Rc4 a2 91. Rb4 Qb1 92. Rxb1 axb1=Q 93. Kc3 Qf1 
94. d5 cxd5 95. Kb4 Qxf2 96. Kc3 g3 97. Kb4 g2 98. Kb5 g1=Q 99. Kc6 Qc5+ 
100. Kd7 Qg4+ 101. Ke8 Qgc8# 0-1

[Event "Sunday 15 April Rapid Engine Tour, 9 Rd. 12+1, starts 16.00 ST"]
[Site "Infinity Chess"]
[Date "2018.4.15"]
[Round "4"]
[White "Marsell"]
[Black "Thinker"]
[Result "1/2-1/2"]
[ECO "C53"]
[WhiteElo "2461"]
[BlackElo "2436"]
[WhiteEngine "BrainFish_180408_x64_bmi2"]
[BlackEngine "BrainFish_180411_x64_modern_CTG"]
[EventType "Swiss"]
[WhiteTeam ""]
[BlackTeam ""]
[PlyCount "175"]
[TimeControl "720+1"]

1. e4 e5 2. Nf3 Nc6 3. Bc4 Bc5 4. c3 Nf6 5. d3 d6 6. O-O O-O 7. h3 a6 8. Re1 Ba7 
9. Bb3 h6 10. Nbd2 Re8 11. Nf1 Be6 12. Bc2 d5 13. Qe2 b5 14. Bd2 Qd7 15. Ng3 d4 
16. a4 Bc5 17. Rec1 Qd6 18. Nh4 Ne7 19. Qe1 Bb6 20. Nf3 Nc6 21. Rab1 Bd7 
22. Qe2 Red8 23. Ra1 Rab8 24. Nh4 Ne7 25. a5 Ba7 26. Qf3 Rf8 27. Bb3 Kh8 
28. Rab1 dxc3 29. bxc3 c5 30. Rd1 Rbd8 31. d4 Nh7 32. dxc5 Bxc5 33. c4 Qf6 
34. Qxf6 Nxf6 35. Nf3 Ng6 36. Bc3 Rde8 37. cxb5 Bxb5 38. Rb2 Nd7 39. Rbd2 Nf6 
40. Rc2 Nd7 41. Bd2 Rb8 42. Be3 Bb4 43. Nf5 Nf6 44. Nd6 Kh7 45. Nxf7 Bxa5 
46. N7xe5 Nxe5 47. Nxe5 Nxe4 48. Rd4 Nc3 49. Kh2 Rbd8 50. Rxd8 Rxd8 51. Bd2 Rc8 
52. Be6 Rc7 53. Bf5+ Kg8 54. Ng6 Rc5 55. Be6+ Kh7 56. Be3 Rc7 57. Nf8+ Kh8 
58. Ng6+ Kh7 59. Bf5 Be8 60. Nf4+ Kg8 61. Rb2 Bb5 62. Bg4 Rc6 63. h4 Rd6 
64. Bd2 Bd7 65. Bf3 Bc6 66. Bxc6 Rxc6 67. g3 g5 68. hxg5 hxg5 69. Nh3 g4 
70. Nf4 Rc5 71. Rc2 Rc7 72. Ne6 Rc4 73. Rc1 Bb4 74. Kg2 a5 75. Nf4 Rc7 
76. Nd3 Kf7 77. f3 gxf3+ 78. Kxf3 Kg8 79. Bf4 Rd7 80. Nxb4 axb4 81. Be5 Kf7 
82. Kg4 Nd5 83. Kf5 b3 84. Rc5 Ne3+ 85. Kf4 Nd5+ 86. Ke4 Nf6+ 87. Bxf6 Kxf6 
88. Rc6+ 1/2-1/2

[Event "Sunday 15 April Rapid Engine Tour, 9 Rd. 12+1, starts 16.00 ST"]
[Site "Infinity Chess"]
[Date "2018.4.15"]
[Round "4"]
[White "Murx"]
[Black "Time_bandit"]
[Result "1/2-1/2"]
[ECO "C55"]
[WhiteElo "2497"]
[BlackElo "2463"]
[WhiteEngine "asmFishW_2018-04-07_popcnt"]
[BlackEngine "asmFishW_2018-02-02_popcnt"]
[EventType "Swiss"]
[WhiteTeam ""]
[BlackTeam ""]
[PlyCount "113"]
[TimeControl "720+1"]

1. e4 e5 2. Nf3 Nc6 3. Bc4 Nf6 4. d3 Bc5 5. c3 d6 6. O-O a5 7. Bg5 Ba7 
8. Nbd2 h6 9. Bh4 Qe7 10. Bb5 g5 11. Bg3 O-O 12. Nc4 Nh5 13. Bxc6 bxc6 
14. Nxa5 Nxg3 15. hxg3 Bd7 16. Qd2 f6 17. Nc4 h5 18. Ne3 Qh7 19. a4 h4 
20. g4 Bxe3 21. Qxe3 Bxg4 22. a5 Kf7 23. d4 Ke8 24. Nd2 Be6 25. f3 Qh5 26. b4 g4 
27. fxg4 Qxg4 28. Rf2 Ke7 29. Nf1 Rg8 30. Qd3 Qh5 31. Re1 Rg5 32. c4 exd4 
33. Qxd4 Qg6 34. c5 dxc5 35. bxc5 h3 36. g3 h2+ 37. Kh1 Rxa5 38. Ne3 Re5 
39. Nf5+ Bxf5 40. Rxf5 Raxc5 41. Ref1 Qg4 42. Rxf6 Qxe4+ 43. Qxe4 Rxe4 
44. Kxh2 Rh5+ 45. Kg1 c5 46. Rf7+ Kd6 47. R1f6+ Kd5 48. Rxc7 Kc4 49. Kg2 Rhe5 
50. Rd7 Re2+ 51. Kf3 R5e3+ 52. Kg4 Rg2 53. Rf3 Rxf3 54. Kxf3 Rg1 55. g4 Ra1 
56. Ke4 Rb1 57. g5 1/2-1/2

[Event "Sunday 15 April Rapid Engine Tour, 9 Rd. 12+1, starts 16.00 ST"]
[Site "Infinity Chess"]
[Date "2018.4.15"]
[Round "4"]
[White "THE_MACHINE"]
[Black "hafaba"]
[Result "1-0"]
[ECO "C50"]
[WhiteElo "2542"]
[BlackElo "2470"]
[WhiteEngine "BrainFish_180411_x64_bmi2"]
[BlackEngine "Eman 1.70-beta18x 64-bit POPCNT_CTG"]
[EventType "Swiss"]
[WhiteTeam ""]
[BlackTeam ""]
[PlyCount "173"]
[TimeControl "720+1"]

1. e4 e5 2. Nf3 Nc6 3. Bc4 Bc5 4. O-O Nf6 5. d3 d6 6. c3 a5 7. Nbd2 O-O 
8. Re1 Be6 9. Bb5 Qb8 10. Nf1 Qa7 11. Be3 Bxe3 12. Nxe3 Ne7 13. a4 Ng6 
14. Bc4 Nf4 15. Bxe6 Nxe6 16. Qd2 Rfe8 17. b4 h6 18. Nf5 Qb6 19. h3 Rad8 
20. Rab1 axb4 21. cxb4 Kh7 22. Rbc1 Qa6 23. Ra1 c6 24. a5 Nf4 25. Ra3 Qb5 
26. d4 Qc4 27. g3 Ng6 28. Qb2 Qe6 29. Qc2 Qd7 30. dxe5 Nxe5 31. Nxe5 dxe5 
32. Kg2 g6 33. Nh4 Re6 34. Nf3 Ne8 35. h4 Kg7 36. Qb2 f6 37. h5 g5 38. a6 Qf7 
39. Qb3 Rb8 40. Nh2 Nd6 41. axb7 Rxb7 42. Ng4 Nb5 43. Ra8 Nd4 44. Qa2 Rbe7 
45. Ne3 Re8 46. Ra7 R8e7 47. Ra1 f5 48. Rxe7 Rxe7 49. Qxf7+ Rxf7 50. Ra5 f4 
51. Ng4 Re7 52. Rxe5 Rb7 53. Re8 Rxb4 54. Re7+ Kf8 55. Rh7 fxg3 56. fxg3 Ne6 
57. Nf2 Rb2 58. Rxh6 Ke7 59. Rg6 Kf7 60. e5 g4 61. Rxg4 Re2 62. Re4 Rc2 
63. g4 Rb2 64. Kg3 c5 65. Ra4 Nd4 66. Ra7+ Ke6 67. Ra6+ Kd5 68. h6 Ne2+ 
69. Kh4 Nf4 70. h7 Rb8 71. Kg5 Kxe5 72. Kh6 c4 73. g5 c3 74. g6 c2 75. Rc6 Nd5 
76. g7 Rb6 77. Nd3+ Kd4 78. g8=Q Rxc6+ 79. Kg5 c1=Q+ 80. Nxc1 Nc3 81. h8=Q+ Ke3 
82. Kg4 Kd2 83. Qg5+ Kd1 84. Qd4+ Kc2 85. Qgd2+ Kb1 86. Q4d3+ Ka1 87. Nb3# 1-0

[Event "Sunday 15 April Rapid Engine Tour, 9 Rd. 12+1, starts 16.00 ST"]
[Site "Infinity Chess"]
[Date "2018.4.15"]
[Round "4"]
[White "Susanne"]
[Black "KRAKEN"]
[Result "1-0"]
[ECO "C53"]
[WhiteElo "2490"]
[BlackElo "2538"]
[WhiteEngine "stockfish_jvv01_x64_bmi2_CTG"]
[BlackEngine "Raubfisch X38b_CTG"]
[EventType "Swiss"]
[WhiteTeam ""]
[BlackTeam ""]
[PlyCount "153"]
[TimeControl "720+1"]

1. e4 e5 2. Nf3 Nc6 3. Bc4 Bc5 4. c3 Nf6 5. d3 O-O 6. O-O d6 7. Re1 a5 8. Bg5 h6 
9. Bh4 Be6 10. Nbd2 g5 11. Bg3 Ba7 12. Bb5 Rb8 13. Bxc6 bxc6 14. b3 Nd7 
15. Nc4 Bxc4 16. bxc4 f6 17. d4 Qe7 18. c5 dxc5 19. dxe5 Nxe5 20. Nxe5 fxe5 
21. c4 Rbd8 22. Qg4 Rd6 23. Re3 Bb6 24. h4 a4 25. Ra3 Ba5 26. Rxa4 Bd2 
27. Ra3 Qd7 28. Qh5 Qe8 29. Qe2 Qe6 30. Rd3 Ba5 31. Rf3 Rxf3 32. Qxf3 gxh4 
33. Bxh4 Qf7 34. Qa3 Bd2 35. Qh3 Qe6 36. Qg3+ Kh7 37. Qf3 Ba5 38. Rd1 Kg7 
39. a4 Qd7 40. Rb1 Qf7 41. Qh3 Rg6 42. Rb8 Qe6 43. Qf3 Qf7 44. Qd1 Kh7 
45. Qd8 Qg7 46. g3 Rd6 47. Qc8 Be1 48. Kg2 Rd7 49. Bf6 Qf7 50. a5 Kg6 
51. Qh8 Rd2 52. Rg8+ Qxg8 53. Qxg8+ Kxf6 54. Kf1 Rd1 55. Qf8+ Ke6 56. Qxh6+ Kd7 
57. Qg7+ Kd6 58. Qg6+ Ke7 59. Qg5+ Kf8 60. Qf5+ Ke7 61. Qxe5+ Kd7 62. Qf5+ Ke7 
63. Qg5+ Kf8 64. Ke2 Rb1 65. e5 Rb2+ 66. Kxe1 Rb1+ 67. Ke2 Rb2+ 68. Ke3 Kf7 
69. Qf6+ Kg8 70. e6 Rb8 71. Kf4 Kh7 72. e7 Ra8 73. Qf7+ Kh8 74. Kg5 Rg8+ 
75. Qxg8+ Kxg8 76. Kg6 Kh8 77. e8=Q# 1-0

[Event "Sunday 15 April Rapid Engine Tour, 9 Rd. 12+1, starts 16.00 ST"]
[Site "Infinity Chess"]
[Date "2018.4.15"]
[Round "3"]
[White "localhero"]
[Black "ivrdurant"]
[Result "1/2-1/2"]
[ECO "C77"]
[WhiteElo "2425"]
[BlackElo "2380"]
[WhiteEngine "asmFishW_2017-10-04_popcnt"]
[BlackEngine "Raubfisch X38b_CTG"]
[EventType "Swiss"]
[WhiteTeam ""]
[BlackTeam ""]
[PlyCount "169"]
[TimeControl "720+1"]

1. e4 e5 2. Nf3 Nc6 3. Bb5 a6 4. Ba4 Nf6 5. O-O Be7 6. Re1 b5 7. Bb3 d6 
8. c3 O-O 9. h3 Nb8 10. d4 Nbd7 11. Nbd2 Bb7 12. Bc2 c5 13. Nf1 Qc7 14. d5 c4 
15. Ng3 g6 16. Bh6 Rfb8 17. Qd2 a5 18. Qe3 Bf8 19. Bxf8 Rxf8 20. Qh6 Rfc8 
21. Nd2 Kh8 22. f4 Ng8 23. Qh4 a4 24. fxe5 Qc5+ 25. Kh2 dxe5 26. Ngf1 Qe7 
27. Qxe7 Nxe7 28. Ne3 Kg7 29. g4 h6 30. h4 Rc5 31. Rf1 Nc8 32. a3 Nd6 
33. Kg3 Nf6 34. Rf3 h5 35. g5 Nd7 36. Raf1 Rcc8 37. Rg1 Rf8 38. Kf2 Rae8 
39. Ke2 Rd8 40. Rf2 Rh8 41. Ra1 Rhg8 42. Rf3 Bc8 43. Rg3 Rgf8 44. Rag1 Nc5 
45. R3g2 Rfe8 46. Rg3 Rf8 47. R3g2 Rg8 48. Rh2 Rge8 49. Rhg2 Bh3 50. Rf2 Kf8 
51. Rf3 Bd7 52. Rff1 Ra8 53. Rf6 Ra6 54. Rgf1 Ke7 55. Bb1 Kd8 56. Rg1 Kc7 
57. Rgf1 Rb6 58. Kf3 Bh3 59. Rh1 Bd7 60. Rg1 Rbb8 61. Ke2 Rf8 62. Bc2 Rbd8 
63. Rf2 Rfe8 64. Rf3 Rg8 65. Rf6 Rgf8 66. Kf2 Ne8 67. Rf3 Nd6 68. Ke2 Rfe8 
69. Rf6 Bh3 70. Kd1 Bd7 71. Bb1 Nb3 72. Bc2 Nc5 73. Kc1 Bh3 74. Kb1 Bc8 
75. Ka2 Ba6 76. Rg2 Nd7 77. Rf3 Bb7 78. Rff2 Nc5 79. Rf3 Ra8 80. Rf6 Nd7 
81. Rff2 Nc5 82. Rf3 Rad8 83. Rff2 Kb6 84. Rf6 Kc7 85. Re2 1/2-1/2

[Event "Sunday 15 April Rapid Engine Tour, 9 Rd. 12+1, starts 16.00 ST"]
[Site "Infinity Chess"]
[Date "2018.4.15"]
[Round "3"]
[White "RonWeasley"]
[Black "star99"]
[Result "1/2-1/2"]
[ECO "D12"]
[WhiteElo "2478"]
[BlackElo "2410"]
[WhiteEngine "BrainFish 090218_CTG"]
[BlackEngine "Cryptic Heroes 9.4B"]
[EventType "Swiss"]
[WhiteTeam ""]
[BlackTeam ""]
[PlyCount "165"]
[TimeControl "720+1"]

1. d4 d5 2. c4 c6 3. Nf3 Nf6 4. e3 Bf5 5. Nc3 e6 6. Nh4 Be4 7. f3 Bg6 
8. Nxg6 hxg6 9. Qb3 Qc7 10. Bd2 a6 11. c5 Nbd7 12. O-O-O b6 13. cxb6 Nxb6 
14. Kb1 a5 15. Rc1 a4 16. Qc2 Qb7 17. a3 Rb8 18. Ka1 Nfd7 19. h4 Be7 20. g4 Rxh4 
21. Rxh4 Bxh4 22. Na2 c5 23. dxc5 Nc4 24. Bb4 Be7 25. Qxa4 Bxc5 26. Bxc4 dxc4 
27. Rxc4 Bxe3 28. Nc3 Bg5 29. Ne4 Be7 30. Qc2 Bxb4 31. Rxb4 Qa7 32. Rc4 Qb6 
33. Qh2 e5 34. Qd2 Ke7 35. b4 Rd8 36. Qd5 f5 37. Nc3 Qd6 38. Rc6 Qxd5 
39. Nxd5+ Kf7 40. Rd6 Rb8 41. gxf5 gxf5 42. Ne3 Nb6 43. Ka2 e4 44. fxe4 f4 
45. Ng4 Nc4 46. Rd4 Nb6 47. Rd6 Nc4 48. Rc6 Nd2 49. Ne5+ Ke7 50. Ng6+ Kd7 
51. Ne5+ Ke7 52. Ng6+ Kd7 53. Rc5 Nxe4 54. Rd5+ Nd6 55. Nxf4 Rf8 56. Nd3 Rf5 
57. Rd4 g5 58. a4 Kc6 59. Kb2 Rf1 60. Rg4 Rf5 61. Kc3 Rf8 62. Rg1 Re8 
63. Rg2 Rh8 64. Re2 Rg8 65. Ne5+ Kb7 66. Rg2 Rh8 67. b5 Kb6 68. Kb4 Rh4+ 
69. Rg4 Kb7 70. a5 Kc7 71. Ka4 Kb7 72. Rb4 Rh1 73. Nc4 Ra1+ 74. Na3 Rf1 
75. Nc4 Ra1+ 76. Na3 Rf1 77. Rg4 Rf4+ 78. Rxf4 gxf4 79. a6+ Kb6 80. a7 Kxa7 
81. Nc2 f3 82. Ne3 f2 83. Kb4 1/2-1/2

[Event "Sunday 15 April Rapid Engine Tour, 9 Rd. 12+1, starts 16.00 ST"]
[Site "Infinity Chess"]
[Date "2018.4.15"]
[Round "3"]
[White "Thinker"]
[Black "angriff"]
[Result "1/2-1/2"]
[ECO "C55"]
[WhiteElo "2438"]
[BlackElo "2390"]
[WhiteEngine "BrainFish_180411_x64_modern_CTG"]
[BlackEngine "DracoREX 3.07 64BIT POPCNT_CTG"]
[EventType "Swiss"]
[WhiteTeam ""]
[BlackTeam ""]
[PlyCount "154"]
[TimeControl "720+1"]

1. e4 e5 2. Nf3 Nc6 3. Bc4 Nf6 4. d3 Bc5 5. c3 d6 6. O-O a5 7. Re1 O-O 8. h3 h6 
9. Nbd2 Be6 10. b3 Bb6 11. a4 d5 12. Bb5 Ne7 13. exd5 Nfxd5 14. Qc2 c6 
15. Bc4 Ng6 16. d4 Ndf4 17. dxe5 Nh4 18. Bf1 Bd5 19. Re4 Nfg6 20. Bc4 Re8 
21. g3 Qd7 22. Bxd5 Nxf3+ 23. Nxf3 cxd5 24. Rg4 Qc6 25. Nd4 Bxd4 26. Rxd4 Nxe5 
27. Kg2 b5 28. axb5 Qxb5 29. Qd1 Qb7 30. Rxd5 a4 31. f3 Rac8 32. Bf4 Ng6 
33. Rxa4 Rxc3 34. Rd3 Nxf4+ 35. Rxf4 Qc6 36. Rxc3 Qxc3 37. Rd4 Re3 38. Rd8+ Kh7 
39. h4 Qxb3 40. Qxb3 Rxb3 41. Kf2 Kg6 42. Rd6+ f6 43. g4 h5 44. Rd7 hxg4 
45. fxg4 Rb1 46. h5+ Kh6 47. Rf7 Rb3 48. Kg2 Rb4 49. Kg3 Rb3+ 50. Kf2 Rb4 
51. Kf3 Rb3+ 52. Kg2 Rb2+ 53. Kf3 Rb3+ 54. Ke4 Rb4+ 55. Kf5 Rb5+ 56. Ke4 Rb2 
57. Kf3 Rb1 58. Kg2 Rb2+ 59. Kg3 Rb6 60. Re7 Rb5 61. Kh4 Rb3 62. Rd7 Re3 
63. Rd6 Re4 64. Rd8 g5+ 65. Kg3 Re3+ 66. Kf2 Rb3 67. Rd1 f5 68. Rd6+ Kg7 
69. h6+ Kh7 70. gxf5 Rb5 71. Rf6 Rb4 72. Ra6 Rg4 73. f6 Rf4+ 74. Kg3 Kxh6 
75. f7+ Kh5 76. Ra7 Kg6 77. Kg2 Rxf7 1/2-1/2

[Event "Sunday 15 April Rapid Engine Tour, 9 Rd. 12+1, starts 16.00 ST"]
[Site "Infinity Chess"]
[Date "2018.4.15"]
[Round "3"]
[White "hafaba"]
[Black "Marsell"]
[Result "1/2-1/2"]
[ECO "C55"]
[WhiteElo "2470"]
[BlackElo "2461"]
[WhiteEngine "Eman 1.70-beta18x 64-bit POPCNT_CTG"]
[BlackEngine "BrainFish_180408_x64_bmi2"]
[EventType "Swiss"]
[WhiteTeam ""]
[BlackTeam ""]
[PlyCount "109"]
[TimeControl "720+1"]

1. e4 e5 2. Nf3 Nc6 3. Bc4 Nf6 4. d3 Bc5 5. O-O d6 6. c3 O-O 7. Bg5 h6 8. Bh4 a6 
9. a4 g5 10. Bg3 Ba7 11. Nbd2 Nh7 12. h3 h5 13. Kh1 Kh8 14. b4 h4 15. Bh2 g4 
16. hxg4 Bxg4 17. b5 Na5 18. Ba2 Ng5 19. Qe1 h3 20. Nxg5 Qxg5 21. g3 Bh5 
22. f4 Qg4 23. fxe5 dxe5 24. Rf5 axb5 25. axb5 Kg7 26. d4 Rae8 27. Bg1 Bg6 
28. Rf3 h2 29. Bf2 f5 30. dxe5 Bxf2 31. Qxf2 fxe4 32. Rxf8 Rxf8 33. Qc5 Qd7 
34. Bd5 c6 35. bxc6 Nxc6 36. Re1 Qh3 37. Nxe4 Bxe4+ 38. Bxe4 Qxg3 39. Rb1 Nxe5 
40. Rxb7+ Rf7 41. Rxf7+ Kxf7 42. Qd5+ Ke7 43. Qb7+ Kf6 44. Qa6+ Kg7 45. Qa1 Qe3 
46. Qb1 Ng4 47. Qb7+ Kf6 48. Qc6+ Kg5 49. Qd5+ Kf4 50. Qd6+ Kxe4 51. Qe6+ Ne5 
52. Kxh2 Qg5 53. c4 Kf3 54. Qd5+ Ke2 55. Qg2+ 1/2-1/2